AoeStats
← Jazzmushroom

MegaRandom

506580532Analyzed
1v1 RM · 18d ago on Sep 14, 2026· 43m 19s· 2 players
Game mode
Random Map
Map size
Tiny (2 player)
Population
200
Speed
Normal
Resources
Standard
Victory
Conquest
Starting age
Dark Age
Ending age
Imperial Age
RankedLock teamsTeams togetherTeam positionsShared explorationLock speedFull tech treeHidden civsTurbo modeCheats
Victory
Defeat
🇺🇸 Spanish · United States
1381
+17
🇲🇽 Goths · Mexico
1405
-17
Jazzmushroom
9:07 Loom
11:22 Feudal Age
13:07 Horse Collar
13:17 Double-Bit Axe
19:54 Castle Age
18:11 Gold Mining
18:47 Town Watch
19:31 Stone Mining
20:58 Bow Saw
22:04 Inquisition
27:37 Scale Barding Armor
27:43 Forging
28:38 Wheelbarrow
33:22 Imperial Age
31:45 Chain Barding Armor
32:02 Bloodlines
32:16 Husbandry
33:01 Iron Casting
33:09 Hand Cart
34:25 Conscription
33:28 Cavalier
35:19 Plate Barding Armor
36:24 Two-Man Saw
36:33 Elite Conquistador
39:44 Paladin
NecroSorcererII
2:10 Loom
10:47 Feudal Age
11:18 Double-Bit Axe
14:18 Town Watch
17:00 Castle Age
15:37 Fletching
15:48 Horse Collar
17:08 Padded Archer Armor
23:51 Ballistics
24:21 Wheelbarrow
24:30 Bow Saw
25:28 Elite Skirmisher
28:15 Hand Cart
30:08 Bodkin Arrow
34:44 Imperial Age
32:46 Anarchy
33:04 Squires
33:05 Scale Mail Armor
33:17 Forging
34:30 Chain Mail Armor
34:34 Pikeman
36:45 Iron Casting
38:01 Two-Man Saw
38:58 Blast Furnace
37:29 Halberdier
39:28 Perfusion
41:53 Chemistry
41:09 Masonry
Connection lost

Rejoining the realm…

Still unreachable

The connection could not be restored.

Session expired

The server has moved on; the page needs a fresh start.